cohdb
Replays
Latest Replays
All Replays
Popular Replays
Top Player Replays
Match Explorer
How It Works
Community
CoH3 Stats
Reddit
Sign in to upload your games and track your stats! →
Sign in with Steam
Match 42963080
Unlisted
Match 42963080
Overview
Messages
Build Orders
End
Royal Engineer Section
Royal Engineer Section
Selects Heavy Armor Battlegroup
Royal Engineer Section
Royal Engineer Section
Construct Field Infirmary
Construct Section Command Post
Vickers Machine Gun Team
Vickers Machine Gun Team
Selects Engineer Detachments
Construct Platoon Command Post
Selects Forward Repair Assembly
Construct Company Command Post
Royal Engineer Section
Crusader II Medium Tank
Foot Guards Section
Crusader II Medium Tank
Royal Engineer Section
Armored Vehicle Training
ConcernedApe
P3prime
LOPO
SanLupus
0
0
Comments
sign in to comment!
No comments posted yet!